Match 44851067
Unlisted

Match 44851067
End
Selects Convert to Ranger Squad
Selects Artillery Observers
Selects Frontline Medical Station
Selects M2A1 105mm Howitzer Emplacement
Selects Ranger Weapon Training
Selects 155mm Rapid Artillery Barrage
Construct Medical Station
Assault Engineer Squad
M1919 Machine Gun Team
Engineer Squad
Mechanized Support Center
Infantry Support Center
Air Support Center
M1 Mortar Team
Engineer Squad
Infantry Reserves
Advanced Logistics
Survival Training
Riflemen Squad
Assault Engineer Squad
Riflemen Squad
Riflemen Squad
Riflemen Squad
Bazooka Squad
Bazooka Squad
Riflemen Squad
Engineer Squad
M1 Anti-tank Gun Team
M1 Anti-tank Gun Team
Riflemen Squad
Riflemen Squad
M1 Anti-tank Gun Team
M1 Anti-tank Gun Team
M1 Anti-tank Gun Team
Assault Engineer Squad
Engineer Squad
Riflemen Squad
M1 Anti-tank Gun Team
Riflemen Squad
M1919 Machine Gun Team
Engineer Squad
Assault Engineer Squad
M1 Anti-tank Gun Team
M1 Anti-tank Gun Team
Assault Engineer Squad
Engineer Squad
M1919 Machine Gun Team
Riflemen Squad
Engineer Squad
Assault Engineer Squad
Engineer Squad
Engineer Squad
M1 Anti-tank Gun Team
Bazooka Squad
M1919 Machine Gun Team
M1 Anti-tank Gun Team
Engineer Squad
Engineer Squad
Engineer Squad
Assault Engineer Squad
Assault Engineer Squad
Riflemen Squad
Riflemen Squad
Riflemen Squad
Riflemen Squad
Riflemen Squad
Riflemen Squad
Riflemen Squad
Construct Medical Station
Riflemen Squad
Riflemen Squad
Engineer Squad
Assault Engineer Squad
Riflemen Squad
Engineer Squad
Engineer Squad
Assault Engineer Squad
Assault Engineer Squad
M1 Anti-tank Gun Team
Assault Engineer Squad
Engineer Squad
Engineer Squad
Engineer Squad
Assault Engineer Squad
Engineer Squad
Assault Engineer Squad
Assault Engineer Squad
M1 Anti-tank Gun Team
Engineer Squad
Assault Engineer Squad
Assault Engineer Squad
M1 Anti-tank Gun Team
Selects Heavy Weapons
Selects Advanced Infantry Battlegroup
CPU - Standard
CPU - Standard
CPU - Standard
Robin Da Hood
CPU - Standard
CPU - Standard
CPU - Standard
Agent Smith
0
0

Comments sign in to comment!

No comments posted yet!